 Dungeon Crawl Stone Soup version 0.24.0-13-gcf9b319 (webtiles) character file.

Game seed: 12865856481218754493, levelgen mode: deterministic

9 Abanax the Caller (level 2, 0/23 HPs)
             Began as a Draconian Wanderer on Feb 2, 2020.
             Slain by a jackal (1 damage)
             ... on level 1 of the Dungeon.
             The game lasted 00:04:16 (181 turns).

Abanax the Caller (Draconian Wanderer)               Turns: 181, Time: 00:04:17

Health: 0/23       AC:  4    Str: 13    XL:     2   Next: 6%
Magic:  5/5        EV: 11    Int: 14    God:
Gold:   25         SH:  0    Dex:  9    Spells: 4/5 levels left

rFire    . . .     SeeInvis .   a - -1 dagger (curse)
rCold    . . .     Gourm    .   (no shield)
rNeg     . . .     Faith    .   (armour unavailable)
rPois    .         Spirit   .   (helmet restricted)
rElec    .         Reflect  .   (no cloak)
rCorr    .         Harm     .   (no gloves)
MR       .....                  (no boots)
Stlth    ++........             (no amulet)
HPRegen  0.07/turn              (no ring)
MPRegen  0.09/turn              (no ring)

@: no status effects
A: unfitting armour, cold-blooded, AC +4
a: no special abilities


You were on level 1 of the Dungeon.
You were not hungry.

You visited 1 branch of the dungeon, and saw 1 of its levels.

You collected 25 gold pieces.

Inventory:

Hand Weapons
 a - a cursed -1 dagger (weapon)
 e - a +0 dagger
Missiles
 b - 8 boomerangs (quivered)
Potions
 c - a potion of lignification
Miscellaneous
 d - a box of beasts
Comestibles
 f - 2 rations


   Skills:
 + Level 1.4 Fighting
 + Level 1.2 Short Blades
 - Level 1.7 Stealth
 + Level 2.1 Spellcasting
 + Level 3.1 Summonings
 + Level 1.2 Evocations


You had 4 spell levels left.
You knew the following spells:

 Your Spells              Type           Power        Failure   Level  Hunger
a - Summon Small Mammal   Summ           ##..         6%          1    #......

Your spell library contained the following spells:

 Spells                   Type           Power        Failure   Level  Hunger
 Call Canine Familiar     Summ           ##......     19%         3    ###....


Dungeon Overview and Level Annotations

Branches:
Dungeon (1/15)

Altars:


Innate Abilities, Weirdness & Mutations

Your plain brown scales are hard. (AC +4)
You cannot fit into any form of body armour.
You are cold-blooded and may be slowed by cold attacks.


Message History

Your rat bites the jackal.
The jackal misses you.
You hit the jackal but do no damage.
The jackal is severely wounded.
The jackal bites you but does no damage.
The jackal completely misses you.
Your rat barely misses the jackal.
The jackal barely misses you.
You hit the jackal.
The jackal is almost dead.
The jackal bites you.
* * * LOW HITPOINT WARNING * * *
The jackal closely misses you.
Your rat closely misses the jackal.
The jackal barely misses you.
Your rat completely misses the jackal.
You closely miss the jackal.
The jackal is almost dead.
Your rat closely misses the jackal.
You closely miss the jackal.
The jackal is almost dead.
The jackal bites you.
You die...

...... .........
#.....?...# #.......#
#.........# #...# #.# ##
#.........###...# #.##.....
#............#..# #.##.....
#............#..###.##.....
#............#)......#.....
#........h...#.>....##.....
####..r.h@..##.###.##.....
.............##.###.##.....
.............#.......†.....
.............#.............
.......#######.............
....... #.........####
....... ########### .......
#####


You could see 2 jackals and a friendly rat.

Vanquished Creatures
  A bat (D:1)
  A goblin (D:1)
  A hobgoblin (D:1)
  A jackal (D:1)
  A kobold (D:1)
  A rat (D:1)
6 creatures vanquished.

Vanquished Creatures (collateral kills)
  An ooze (D:1)
1 creature vanquished.

Grand Total: 7 creatures vanquished

Notes
Turn   | Place    | Note
-------+----------+-------------------------------------------
     0 | D:1      | Abanax the Draconian Wanderer began the quest for the Orb.
     0 | D:1      | Abanax set off with the following items: a +0 club, a
                  | potion of lignification, a box of beasts, a +0 dagger, a
                  | ration; and the following spell memorised: Summon Small
                  | Mammal; and the following spells available to memorise:
                  | Call Canine Familiar
     0 | D:1      | Reached XP level 1. HP: 16/16 MP: 3/3
   151 | D:1      | Reached XP level 2. HP: 18/23 MP: 3/5
   176 | D:1      | HP: 1/23 [jackal (1)]
   181 | D:1      | Slain by a jackal

Levels and vault maps discovered:
D:1:      shiori_arrival_maze, layout_basic

Action                   || total
-------------------------++-------
Melee: Dagger            ||    28
       Tailslap          ||     5
       Club              ||     3
Throw: Boomerang         ||    10
 Cast: Summon Small Mamm ||     4
Armor: Skin              ||    16
Dodge: Dodged            ||    35
